 Dungeon Crawl Stone Soup version 0.32-a0-17-gb74e046682 (webtiles) character file.

Game seed: 15351045176275811824

219 experimilk the Ruffian (level 5, -2/53 HPs)
             Began as a Troll Gladiator on Jan 15, 2024.
             Was a Follower of Wu Jian.
             Slain by a bullfrog (5 damage)
             ... in a sewer.
             The game lasted 00:05:19 (1747 turns).

experimilk the Ruffian (Troll Gladiator)            Turns: 1747, Time: 00:05:21

Health: -2/53      AC:  5    Str: 24    XL:     5   Next: 63%
Magic:  4/4        EV: 10    Int:  4    God:    Wu Jian [*.....]
Gold:   114        SH:  0    Dex: 11    Spells: 4/4 levels left

rFire   . . .        r - +0 flail
rCold   . . .        (no shield)
rNeg    . . .        a - +0 robe
rPois   .            b - +0 hat
rElec   .            c - +0 cloak
rCorr   .            (gloves unavailable)
SInv    .            (boots unavailable)
Will    .....        (no amulet)
Stlth   +            (no ring)
HPRegen 1.08/turn    (no ring)
MPRegen 0.09/turn

%: no passive effects
@: about to teleport
A: large, unfitting armour, claws 3, regeneration 1, shaggy fur 1, tough skin 1
a: Renounce Religion


You were in a sewer.
You worshipped Wu Jian.
Wu Jian was aware of your devotion.
You visited 1 branch of the dungeon, and saw 3 of its levels.
You also visited: Sewer.

You collected 114 gold pieces.

Inventory:

Hand Weapons
 r - a +0 flail (weapon)
Missiles
 d - 5 datura-tipped darts (quivered)
 p - 6 javelins
 q - 3 throwing nets
 z - a large rock
Armour
 a - a +0 robe (worn)
 b - a +0 hat (worn)
 c - a +0 cloak (worn)
Jewellery
 h - a +6 ring of dexterity
Scrolls
 e - a scroll of fog {unknown}
 f - a scroll of teleportation
 k - 2 scrolls of identify {unknown}
Potions
 i - a potion of might {unknown}
 l - a potion of mutation {unknown}
 m - a potion of enlightenment {unknown}
 n - a potion of resistance {unknown}
 o - a potion of brilliance {unknown}


   Skills:
 - Level 3.3 Fighting
 * Level 2.4 Maces & Flails
 - Level 1.7 Throwing
 - Level 2.4 Dodging
 - Level 4.3 Unarmed Combat


You had 4 spell levels left.
You didn't know any spells.
Your spell library was empty.

Dungeon Overview and Level Annotations

Branches:
Dungeon (3/15)              Sewer (1/1)

Altars:
Okawaru
Wu Jian

Shops:
D:1 (


Innate Abilities, Weirdness & Mutations

You are too large for most types of armour.
You have claws for hands.
Your natural rate of healing is unusually fast.
You are covered in fur. (AC +1)
You have tough skin. (AC +1)


Message History

You feel strangely unstable.
It was a scroll of teleportation.
You enter the shallow water.
You spin and attack the bullfrog.
You completely miss the bullfrog.
The bullfrog is moderately wounded.
The bullfrog hits you.
The bullfrog swells and bulges.
The bullfrog hits you. x2
You see here a giant cockroach corpse.
The bullfrog attacks as it pursues you! The bullfrog hits you.
* * * LOW HITPOINT WARNING * * *
The dart slug launches a dart at you. The slug dart hits you.
* * * LOW HITPOINT WARNING * * *
The bullfrog barely misses you. The bullfrog hits you.
* * * LOW HITPOINT WARNING * * *
Your surroundings flicker for a moment.
Splash!
You fall into the shallow water.
The bullfrog hits you.
* * * LOW HITPOINT WARNING * * *
The bullfrog closely misses you.
Unknown command.
The bullfrog attacks as it pursues you!
The bullfrog hits you but does no damage. x2
Unknown command.
It was a potion of curing.
You feel better. The bullfrog hits you.
* * * LOW HITPOINT WARNING * * *
The bullfrog hits you.
* * * LOW HITPOINT WARNING * * *
The bullfrog hits you but does no damage.
Okay, then.
As you read the scroll of teleportation, it crumbles to dust.
You feel strangely unstable. The bullfrog hits you!
* * * LOW HITPOINT WARNING * * *
The bullfrog closely misses you.
The bullfrog hits you but does no damage.
Unknown command.
The bullfrog attacks as it pursues you!
The bullfrog hits you but does no damage.
The bullfrog hits you.
You die...

#~~≈~≈≈†≈≈~~~.~?$..~≈≈≈≈≈# #
#~~≈~~~≈†≈≈~.~.!!?.≈≈≈≈≈≈# #
#†~≈~~≈≈≈~≈≈.~.~"~≈≈≈≈≈≈≈# #
#~~≈~~~≈≈≈~w~~~~~≈≈≈≈≈≈≈≈# #
#~~≈~~~≈≈≈≈~~~~≈≈≈≈≈≈~≈≈# #
#~~≈~.~≈≈≈≈≈≈≈≈≈≈≈≈≈~≈≈≈# #
#.~≈~.†≈≈≈≈≈~~≈≈≈≈≈≈≈~#######
#.~≈~~†.†~FF≈≈~≈~~††.......~.
#.~≈≈~~~~≈≈≈@~≈~~~~~~~~~~~~~~
#.~~≈≈≈≈≈≈≈≈≈≈≈≈≈≈≈≈≈≈≈≈≈≈≈≈≈
#..~~~~~~~~~~~~~~~~~~~~~†~~~†
##.......††..............†~~~
############################
######## ########..~~~†~
#.∩.∩..~~~.~††~
########.~..~~.


You could see 2 bullfrogs and a dart slug.

Vanquished Creatures
  A phantom (D:2)
  A gnoll (D:1)
  3 adders (D:3)
  3 ribbon worms
  7 dart slugs
  4 orcs
  4 bats
  8 endoplasms
  9 giant cockroaches
  5 goblins
  3 hobgoblins
  2 jackals (D:1)
  A quokka (D:3)
  13 ball pythons
  17 frilled lizards
  7 kobolds
  6 rats
94 creatures vanquished.

Notes
Turn   | Place    | Note
-------+----------+-------------------------------------------
     0 | D:1      | experimilk the Troll Gladiator began the quest for the Orb.
     0 | D:1      | Reached XP level 1. HP: 19/19 MP: 0/0
    72 | D:1      | Reached XP level 2. HP: 27/27 MP: 1/1
   182 | D:1      | Found Kitzoxti's Weapon Emporium.
   243 | D:1      | Reached skill level 4 in Unarmed Combat
   514 | D:1      | Reached XP level 3. HP: 27/33 MP: 2/2
   597 | D:2      | Noticed a phantom
   609 | D:2      | Killed a phantom
   610 | D:2      | Reached XP level 4. HP: 45/45 MP: 3/3
   643 | D:2      | Found an ornate altar of the Wu Jian Council.
  1132 | D:2      | Became a worshipper of the Wu Jian Council
  1149 | D:3      | Reached XP level 5. HP: 53/53 MP: 4/4
  1167 | D:3      | Reached skill level 1 in Maces & Flails
  1272 | D:3      | Found an iron altar of Okawaru.
  1507 | D:3      | Found a glowing drain.
  1511 | Sewer    | Entered a sewer
  1544 | Sewer    | Reached * piety under Wu Jian
  1746 | Sewer    | HP: 1/53 [bullfrog (7)]
  1747 | Sewer    | Slain by a bullfrog

Illustrated notes

Levels and vault maps discovered:
D:1:      dpeg_chamrin_arrival_tetris, layout_rooms, serial_shops,
          nicolae_shop_advertising_works [nicolae_subvault_shop_adworks]
D:2:      layout_rooms, basic_altar, grunt_ministairs_2
D:3:      minmay_octagon_keep, layout_rooms, okawaru_metal_pillars_1_2,
          gup_sewer_entry_bowl
Sewer:    sewer_frog_island_01

Skill      XL: |  1  2  3  4  5 |
---------------+----------------+-----
Unarmed Combat | 4 |  4.3
Fighting       | 3 |  3.3
Maces & Flails | 2 |  2.4
Throwing       | |  1.7
Dodging        | |  2.4

Action                     |  1- 3 |  4- 6 || total
---------------------------+-------+-------++-------
  Melee: Unarmed           |    75 |    23 ||    98
         Flail             |       |   151 ||   151
         Punch             |       |     3 ||     3
Ability: Lunge             |       |     7 ||     7
         Whirlwind         |       |     6 ||     6
    Use: Scroll            |       |     3 ||     3
         Potion            |       |     1 ||     1
   Stab: Sleeping          |     1 |       ||     1
 Armour: Robe              |    51 |   168 ||   219
  Dodge: Dodged            |    43 |   132 ||   175

Table legend: (Time is in decaauts)
 A = Elapsed time spent in this place.
 B = Non-inter-level travel time spent in this place.
 C = Inter-level travel time spent in this place.
 D = Time resting spent in this place.
 E = Time spent auto-exploring this place.
 F = Levels seen in this place.
 G = Mean time per level.
                   A        B        C        D        E       F      G
               +--------+--------+--------+--------+--------+-----+--------+
         Total |   1785 |   1673 |    112 |     43 |    989 |   4 |  446.2 |
       Dungeon |   1524 |   1412 |    112 |     43 |    952 |   3 |  508.0 |
         Sewer |    260 |    260 |      0 |      0 |     37 |   1 |  260.0 |
               +--------+--------+--------+--------+--------+-----+--------+

Top non-repeatable levels by time:
     D:1: 635 daAuts
     D:2: 503 daAuts
     D:3: 386 daAuts
   Sewer: 260 daAuts
